 Dungeon Crawl Stone Soup version 0.30-a0-760-g5a9884bb7c (webtiles) character file.

Game seed: 10954295668507161459

2021 HoaS the Skirmisher (level 8, -4/60 HPs)
             Began as a Demigod Hunter on Feb 11, 2023.
             Slain by Maggie
             ... wielding a +2 broad axe of flaming
              (9 damage)
             ... on level 8 of the Dungeon.
             The game lasted 00:12:57 (6726 turns).

HoaS the Skirmisher (Demigod Hunter)                Turns: 6726, Time: 00:12:57

Health: -4/60      AC: 11    Str: 18    XL:     8   Next: 73%
Magic:  10/10      EV: 13    Int: 11    God:
Gold:   1022       SH:  0    Dex: 31    Spells: 7/7 levels left

rFire   . . .      SeeInvis .    a - +1 shortbow
rCold   . . .      Faith    .    (shield currently unavailable)
rNeg    . . .      Spirit   .    s - +0 steam dragon scales
rPois   .          Reflect  .    (no helmet)
rElec   .          Harm     .    m - +2 cloak
rCorr   .          Rampage  .    k - +2 pair of gloves
Will    .....                    (no boots)
Stlth   +++                      (no amulet)
HPRegen 0.30/turn                p - +6 ring of dexterity
MPRegen 0.12/turn                c - +6 ring of strength

@: no status effects
A: high MP 1, forlorn, divine attributes
a: no special abilities


You were on level 8 of the Dungeon.
You visited 1 branch of the dungeon, and saw 8 of its levels.

You collected 1022 gold pieces.

Inventory:

Hand Weapons
 a - a +1 shortbow (weapon)
Armour
 k - a +2 pair of gloves (worn)
 m - a +2 cloak (worn)
 s - +0 steam dragon scales (worn)
Jewellery
 c - a +6 ring of strength (right hand)
 p - a +6 ring of dexterity (left hand)
Wands
 n - a wand of polymorph (9)
Scrolls
 b - 2 scrolls of immolation
 g - 2 scrolls of blinking
 o - a scroll of fog
 r - a scroll of teleportation
 t - a scroll of acquirement
Potions
 d - a potion of haste
 e - a potion of lignification
 f - 2 potions of attraction
 h - 7 potions of curing
 i - a potion of flight
 j - 2 potions of heal wounds
 l - a potion of invisibility
 q - a potion of mutation


   Skills:
 - Level 1.7 Fighting
 + Level 11.4 Ranged Weapons
 - Level 1.7 Dodging
 - Level 0.8 Stealth


You had 7 spell levels left.
You didn't know any spells.
Your spell library contained the following spells:

 Spells                   Type           Power      Damage    Failure   Level
 Foxfire                  Conj/Fire      0%         2x1d4     34%         1
 Call Canine Familiar     Summ           0%         N/A       71%         3
 Portal Projectile        Hex/Tloc       0%         N/A       71%         3
 Leda's Liquefaction      Hex/Erth       0%         N/A       98%         4
 Fireball                 Conj/Fire      0%         3d3       100%        5
 Starburst                Conj/Fire      0%         6d3       100%        6


Dungeon Overview and Level Annotations

Branches:
Dungeon (8/15)             Temple (0/1) D:4
   Lair: D:8-11

Annotations:
D:4 3 runed translucent doors, jazmu's ghost, novice FoHs
D:8 Maggie; Psyche


Innate Abilities, Weirdness & Mutations

You have an increased reservoir of magic. (+10% MP)
You shall have no god before yourself.
Your divine heritage dramatically boosts your attributes as you level up.


Message History

You shoot an arrow. The arrow closely misses Maggie.
An orc comes into view. It is wielding a +0 club.
Maggie hits you with a +2 broad axe of flaming!
Maggie burns you.
You shoot an arrow. The arrow hits Maggie!
Maggie is moderately wounded.
A steam dragon comes into view.
Maggie hits you with a +2 broad axe of flaming!
Maggie burns you.
You shoot an arrow. The steam dragon hisses angrily.
The arrow hits Maggie!
Maggie is heavily wounded.
Psyche says, "Please, could you die a little faster?"
Psyche miscasts a cantrip.
Psyche casts a cantrip, but nothing happens.
Maggie hits you with a +2 broad axe of flaming.
Maggie burns you.
You shoot an arrow. The arrow hits Maggie!!
Maggie is severely wounded.
You break out of your daze.
The shadow imp closely misses you.
Maggie gestures wildly while chanting.
Maggie attempts to bespell you! You resist.
You shoot an arrow. The arrow barely misses Maggie.
You shoot an arrow. The arrow barely misses Maggie.
Maggie hits you with a +2 broad axe of flaming!
* * * LOW HITPOINT WARNING * * *
Maggie burns you!
* * * LOW HITPOINT WARNING * * *
The shadow imp gestures at you.
You struggle to resist.
Psyche casts a spell.
A swirling arc of seething chaos appears!
The arc of chaos hits you.
* * * LOW HITPOINT WARNING * * *
The arc of chaos hits the shadow imp.
You shoot an arrow. The arrow closely misses Maggie.
Maggie hits you with a +2 broad axe of flaming!
You die...

.........#....### #######
.........#....#... #...<.
............###.... #.....
..)..>........+....(###...
.........######...........
......$..# .##.)...#+#
.........# #####....#
....$[...####...# ####.#..
......@..@@...............
@.........5...............
######....................
#......o............$
#.......D............
.....................
......................
.........$.... ....@...


You could see Maggie, Psyche, a steam dragon, a shadow imp and an orc.

Vanquished Creatures
  Sigmund (D:3)
  A steam dragon (D:7)
  A wyvern (D:5)
  A sky beast (D:5)
  An ogre (D:6)
  2 centaurs (D:7)
  2 phantoms
  2 kobold brigands (D:7)
  A bullfrog (D:8)
  A necrophage (D:7)
  2 scorpions
  3 jellies
  2 howler monkeys (D:8)
  5 hounds
  5 iguanas
  3 orc wizards
  7 adders
  An ufetubus (D:5)
  2 worms
  2 dart slugs
  16 orcs
  6 endoplasms
  3 giant cockroaches
  5 goblins
  8 hobgoblins
  4 jackals (D:4)
  16 kobolds
  2 quokkas
  4 ball pythons
  A bat (D:3)
  4 frilled lizards
  3 rats
117 creatures vanquished.

Vanquished Creatures (others)
  4 fungi (D:4)
4 creatures vanquished.

Grand Total: 121 creatures vanquished

Notes
Turn   | Place    | Note
-------+----------+-------------------------------------------
     0 | D:1      | HoaS the Demigod Hunter began the quest for the Orb.
     0 | D:1      | Reached XP level 1. HP: 17/17 MP: 3/3
   246 | D:1      | Reached skill level 4 in Ranged Weapons
   294 | D:1      | Reached XP level 2. HP: 24/24 MP: 4/4
   965 | D:2      | Reached XP level 3. HP: 24/29 MP: 5/5
  1459 | D:3      | Reached skill level 5 in Ranged Weapons
  1520 | D:3      | Noticed Sigmund
  2040 | D:4      | Noticed jazmu's ghost (novice FoHs)
  2040 | D:4      | Found a runed translucent gate.
  2040 | D:4      | Found a runed translucent gate.
  2040 | D:4      | Found a runed translucent gate.
  2209 | D:4      | Noticed a scorpion
  2210 | D:4      | Noticed a kobold brigand
  2224 | D:4      | Found a staircase to the Ecumenical Temple.
  2241 | D:4      | Reached XP level 4. HP: 35/36 MP: 6/6
  2902 | D:5      | Entered Level 5 of the Dungeon
  3009 | D:5      | Reached skill level 6 in Ranged Weapons
  3009 | D:5      | Reached XP level 5. HP: 24/41 MP: 7/7
  3160 | D:5      | Noticed a wyvern
  3235 | D:5      | Killed a wyvern
  3236 | D:5      | Reached skill level 7 in Ranged Weapons
  3236 | D:5      | Reached XP level 6. HP: 5/48 MP: 8/8
  4202 | D:3      | Killed Sigmund
  4203 | D:3      | Reached skill level 8 in Ranged Weapons
  4203 | D:3      | Reached XP level 7. HP: 26/53 MP: 9/9
  4377 | D:5      | Identified a scroll of acquirement
  4377 | D:5      | Acquired 597 gold pieces
  4640 | D:6      | Reached skill level 9 in Ranged Weapons
  5098 | D:6      | Identified the +4 robe of the Stopping Gods {rF+ Will+
                  | Int+2}
  5301 | D:7      | Reached XP level 8. HP: 60/60 MP: 10/10
  5342 | D:7      | Reached skill level 10 in Ranged Weapons
  5884 | D:7      | Reached skill level 11 in Ranged Weapons
  6250 | D:8      | Noticed Maggie
  6693 | D:8      | Identified the +2 dagger "Xopna" {venom, *Noise Int+6}
  6700 | D:8      | Noticed Psyche
  6726 | D:8      | Slain by Maggie

Illustrated notes

Levels and vault maps discovered:
D:1:      dpeg_arrival_castle, layout_rooms
D:2:      layout_loops_cross
D:3:      layout_basic, mainiacjoe_overflow_24_doors,
          gammafunk_temple_overflow_pools, uniq_sigmund
D:4:      layout_cave_pools, mainiacjoe_overflow_alcove_4,
          lemuel_coloured_pillars_altar, minmay_temple_entry_large_hall,
          gammafunk_ghost_split, minmay_quantized
D:5:      layout_gridville
D:6:      layout_loops_ring, dk_noncrumbling_4, bh_walls_and_bars
D:7:      layout_basic, mainiacjoe_overflow_cross_hatched
D:8:      layout_basic, kennysheep_little_box, uniq_maggie, uniq_psyche

Skill      XL: |  1  2  3  4  5  6  7  8 |
---------------+-------------------------+-----
Ranged Weapons | 4 5 6 7 8 9 11 | 11.4
Fighting       | |  1.7
Dodging        | |  1.7
Stealth        | |  0.8

Action                     |  1- 3 |  4- 6 |  7- 9 || total
---------------------------+-------+-------+-------++-------
   Fire: Shortbow          |   131 |   131 |   166 ||   428
    Use: Scroll            |     9 |     8 |     6 ||    23
         Potion            |       |     1 |       ||     1
 Armour: Leather armour    |    11 |    28 |    29 ||    68
         Steam dragon scal |       |       |    12 ||    12
  Dodge: Dodged            |    28 |    44 |    54 ||   126

Table legend: (Time is in decaauts)
 A = Elapsed time spent in this place.
 B = Non-inter-level travel time spent in this place.
 C = Inter-level travel time spent in this place.
 D = Time resting spent in this place.
 E = Time spent auto-exploring this place.
 F = Levels seen in this place.
 G = Mean time per level.
                   A        B        C        D        E       F      G
               +--------+--------+--------+--------+--------+-----+--------+
         Total |   6796 |   6354 |    442 |   1446 |   3905 |   8 |  849.5 |
       Dungeon |   6796 |   6354 |    442 |   1446 |   3905 |   8 |  849.5 |
               +--------+--------+--------+--------+--------+-----+--------+

Top non-repeatable levels by time:
     D:5: 1406 daAuts
     D:4: 982 daAuts
     D:3: 947 daAuts
     D:7: 885 daAuts
     D:6: 788 daAuts
     D:2: 737 daAuts
     D:1: 568 daAuts
     D:8: 480 daAuts
